 Dungeon Crawl Stone Soup version 0.30-a0-996-ga6910c8ee8 (webtiles) character file.

Game seed: 12519620649583793253

15813 Juicyj the Cleaver (level 12, -2/99 HPs)
             Began as a Minotaur Gladiator on Apr 4, 2023.
             Was a Follower of Lugonu.
             Slain by a wraith (11 damage)
             ... on level 12 of the Dungeon.
             The game lasted 00:22:59 (11672 turns).

Juicyj the Cleaver (Minotaur Gladiator)            Turns: 11672, Time: 00:22:59

Health: -2/99      AC:  7    Str: 21 (23) XL:     12   Next: 4%
Magic:  11/11      EV: 19    Int:  5      God:    Lugonu [*.....]
Gold:   585        SH:  5    Dex: 19      Spells: 11/11 levels left

rFire   . . .      SeeInvis .    i - +0 executioner's axe (protect)
rCold   . . .      Faith    .    (shield currently unavailable)
rNeg    . . .      Spirit   .    E - +0 steam dragon scales
rPois   .          Reflect  +    c - +0 hat
rElec   .          Rampage  .    B - +0 cloak
rCorr   .                        y - +0 pair of gloves
Will    .....                    (no boots)
Stlth   ++                       o - amulet of reflection
HPRegen 0.36/turn                G - +6 ring of dexterity
MPRegen 0.12/turn                (no ring)

@: invisible
A: horns 2, retaliatory headbutt, deterioration 1, frail 1
a: Renounce Religion, Depart the Abyss


You were on level 12 of the Dungeon.
You worshipped Lugonu.
Lugonu was aware of your devotion.
You visited 1 branch of the dungeon, and saw 13 of its levels.
You visited the Abyss 1 time.

You collected 650 gold pieces.
You spent 65 gold pieces at shops.

Inventory:

Hand Weapons
 a - a +0 war axe of protection
 i - a +0 executioner's axe of protection (weapon)
Missiles
 d - 4 throwing nets (quivered)
 C - 10 poisoned darts
 D - a javelin
 J - 4 curare-tipped darts
Armour
 b - a +0 leather armour
 c - a +0 hat (worn)
 y - a +0 pair of gloves (worn)
 B - a +0 cloak (worn)
 E - +0 steam dragon scales (worn)
Jewellery
 g - a ring of magical power
 o - an amulet of reflection (around neck)
 s - a ring of wizardry
 G - a +6 ring of dexterity (left hand)
 H - a ring of fire
 I - a +6 ring of intelligence
Wands
 e - a wand of paralysis (12)
 h - a wand of flame (3)
Scrolls
 l - a scroll of vulnerability
 m - 2 scrolls of immolation
 n - a scroll of fog
 u - a scroll of summoning
 v - 2 scrolls of enchant armour
 z - 2 scrolls of amnesia
 F - a scroll of noise
 K - a scroll of fear
 L - a scroll of identify
Potions
 f - 2 potions of curing
 j - 3 potions of might
 k - 3 potions of attraction
 p - a potion of degeneration
 q - 2 potions of invisibility
 r - a potion of resistance
 t - a potion of flight
 A - 3 potions of cancellation


   Skills:
 + Level 11.4 Fighting
 * Level 13.8 Axes
 + Level 9.7 Throwing
 + Level 10.9 Dodging


You had 11 spell levels left.
You didn't know any spells.
Your spell library contained the following spells:

 Spells                   Type           Power      Damage    Failure   Level
 Freeze                   Ice            0%         1d3       47%         1
 Kiss of Death            Conj/Necr      0%         2d5       47%         1
 Call Canine Familiar     Summ           0%         N/A       85%         3
 Confusing Touch          Hex            0%         N/A       85%         3
 Frozen Ramparts          Ice            0%         1d1       85%         3
 Hailstorm                Conj/Ice       0%         3d3       85%         3
 Ignite Poison            Fire/Tmut/Pois 0%         N/A       85%         3
 Kindle Blastsparks       Fire/Tloc/Air  0%         2d10      85%         3
 Portal Projectile        Hex/Tloc       0%         N/A       85%         3
 Dispel Undead            Necr           0%         3d6       99%         4
 Leda's Liquefaction      Hex/Erth       0%         N/A       99%         4
 Freezing Cloud           Conj/Ice/Air   0%         6-21      100%        5


Dungeon Overview and Level Annotations

Branches:
Dungeon (13/15)            Temple (0/1) D:6            Lair (0/5) D:9
    Orc (0/2) D:10
 Vaults: D:13-14

Altars:
Cheibriados
Dithmenos
Kikubaaqudgha
Nemelex Xobeh
Sif Muna

Shops:
D:5 [!:*   D:6 *

Annotations:
D:11 Erolcha
D:12 Urug


Innate Abilities, Weirdness & Mutations

You have a pair of horns on your head.
You reflexively headbutt those who attack you in melee.
Your body sometimes deteriorates upon taking damage.
You are frail. (-10% HP)


Message History

The yak bellows!
The cyclops shouts!
The yak misses you.
You fade into invisibility!
The yak closely misses you. You furiously retaliate!
You headbutt the yak.
The cyclops throws a large rock.
The large rock hits the yak!!!
The yak dies!
You see here a +1 heavy great mace.
The orc shouts! x2; The orc warrior shouts!
You catch the helpless cyclops completely off-guard!
You slash the cyclops!
Your weapon exudes an aura of protection.
The cyclops is lightly wounded.
The cyclops closely misses you. You furiously retaliate!
You headbutt the cyclops, but do no damage.
The orc shouts!
You slice the cyclops!!
The cyclops is severely wounded.
The orc shouts!
The cyclops hits you!
* * * LOW HITPOINT WARNING * * *
The vampire mosquito buzzes angrily.
You slice the cyclops!!
You kill the cyclops!
Lugonu accepts your kill.
The orc shouts!
As you open the door, it creaks loudly!
A yak comes into view.
The yak bellows!
The orc shouts!
You hear an angry buzzing noise.
There is an open door here.
A wraith comes into view.
There is an open door here.
You close the door.
A wraith opens the door.
You close the door.
A wraith opens the door.
You close the door.
A wraith breaks down the door.
The wraith closely misses you. You furiously retaliate!
You headbutt the wraith! You closely miss the wraith.
The wraith is moderately damaged.
The wraith hits you!
You die...

#.##.# ....#.
##o##.## ..[..
oo#... ....
#o##.# #
##########.##.#
...#....#.....# #
#."(.#
####.##..).##.#
#.....#@...#.....
#.##.##W#####.##.
# #.##.# #
#.....Y........
#.##.##.##.##.# #
#.##.# ... .. ###


You could see a yak (wandering, unable to see you), a wraith, an orc warrior
(unable to see you) and 3 orcs.

Vanquished Creatures
  The ghost of Pokonic1 the Fighter, a journeyman GrFi of Qazlal (D:10)
  2 two-headed ogres
  3 death yaks (D:9)
  2 manticores (D:11)
  3 cyclopes
  An ugly thing (D:13)
  Maggie (D:8)
  A hornet (D:8)
  2 shadows
  A wyvern (D:10)
  A vampire (D:10)
  30 yaks
  Grum (D:8)
  A wraith (D:10)
  A steam dragon (D:8)
  2 vampire mosquitoes (D:10)
  A neqoxec (D:10)
  Menkaure (D:4)
  A water moccasin (D:7)
  An ice beast (D:7)
  2 sky beasts
  3 black bears
  2 wolves (D:8)
  An ogre (D:5)
  6 centaurs
  4 phantoms
  2 kobold brigands
  5 bullfrogs
  2 scorpions (D:6)
  6 wights (D:9)
  5 killer bees (D:7)
  A troll zombie (D:10)
  A howler monkey (D:7)
  3 quasits (D:10)
  A hound (D:7)
  3 orc priests
  A gnoll bouda (D:5)
  3 jellies
  Jessica (D:3)
  An iguana (D:4)
  4 orc wizards
  A hell rat (D:9)
  5 ogre zombies (D:10)
  Robin (D:3)
  12 gnolls
  10 adders
  A river rat (D:9)
  2 shadow imps (D:6)
  3 white imps
  A worm (D:5)
  A dart slug (D:4)
  14 orcs
  4 ball pythons
  6 endoplasms
  5 giant cockroaches
  15 goblins
  7 hobgoblins
  6 jackals (D:3)
  17 kobolds
  A quokka (D:9)
  2 bats
  11 frilled lizards
  2 goblin zombies (D:10)
  3 hobgoblin skeletons (D:10)
  2 hobgoblin zombies (D:10)
  12 orc zombies (D:10)
  3 rats
261 creatures vanquished.

Vanquished Creatures (others)
  A yak (D:12)
  A wolf (D:8)
  12 fungi (D:3)
  8 plants (D:4)
22 creatures vanquished.

Grand Total: 283 creatures vanquished

Notes
Turn   | Place    | Note
-------+----------+-------------------------------------------
     0 | D:1      | Juicyj the Minotaur Gladiator began the quest for the Orb.
     0 | D:1      | Reached XP level 1. HP: 18/18 MP: 0/0
   153 | D:1      | Reached XP level 2. HP: 14/25 MP: 1/1
   578 | D:1      | Found a faded altar of an unknown god.
   822 | D:2      | Reached skill level 4 in Axes
   896 | D:2      | Reached XP level 3. HP: 27/31 MP: 2/2
  1069 | D:2      | Reached XP level 4. HP: 38/38 MP: 3/3
  1200 | D:2      | You fall into a shaft and drop 2 floors!
  1309 | D:3      | Found a sparkling altar of Nemelex Xobeh.
  1327 | D:3      | Noticed Robin
  1342 | D:3      | Killed Robin
  1624 | D:3      | Noticed Jessica
  1638 | D:3      | Killed Jessica
  1639 | D:3      | Reached XP level 5. HP: 40/46 MP: 4/4
  1980 | D:3      | Identified the +0 robe of Lies {Will+ rCorr Str+6}
  2220 | D:4      | Noticed Menkaure
  2234 | D:4      | Killed Menkaure
  2235 | D:4      | Reached skill level 5 in Axes
  2235 | D:4      | Reached XP level 6. HP: 16/52 MP: 5/5
  2238 | D:4      | Found a snail-covered altar of Cheibriados.
  3031 | D:4      | Found an ancient bone altar of Kikubaaqudgha.
  3545 | D:5      | Entered Level 5 of the Dungeon
  3552 | D:5      | Reached skill level 5 in Dodging
  3710 | D:5      | Reached skill level 5 in Fighting
  3710 | D:5      | Reached XP level 7. HP: 23/61 MP: 6/6
  4198 | D:5      | Reached skill level 6 in Axes
  4322 | D:5      | Found Goluej's Armour Shop.
  4327 | D:5      | Found Ziyntaym's Distillery.
  4347 | D:5      | Found Ifootecw's Book Emporium.
  4663 | D:5      | Found Doelaic's General Store.
  4781 | D:6      | Found Maatuh's Lightly-Used Armoury.
  4789 | D:6      | Bought a -1 executioner's axe for 65 gold pieces
  4826 | D:6      | Reached skill level 5 in Throwing
  4826 | D:6      | Reached XP level 8. HP: 64/70 MP: 7/7
  4927 | D:6      | Reached skill level 7 in Axes
  4938 | D:6      | Found a staircase to the Ecumenical Temple.
  5643 | D:7      | Reached XP level 9. HP: 78/79 MP: 8/8
  5737 | D:7      | Reached skill level 8 in Axes
  6250 | D:8      | Noticed Maggie
  6255 | D:8      | Noticed Grum
  7150 | D:8      | Killed Grum
  7164 | D:8      | Killed Maggie
  7636 | D:8      | Reached skill level 9 in Axes
  8010 | D:8      | Paralysed by a kobold for 3 turns
  8189 | D:9      | Noticed a death yak
  8190 | D:9      | Noticed a death yak
  8197 | D:9      | Noticed a death yak
  8201 | D:9      | Killed a death yak
  8202 | D:9      | Reached XP level 10. HP: 38/91 MP: 9/9
  8217 | D:9      | Killed a death yak
  8218 | D:9      | Reached skill level 10 in Axes
  8228 | D:9      | Killed a death yak
  8462 | D:9      | Found a staircase to the Lair.
  8501 | D:9      | Reached skill level 11 in Axes
  8845 | D:9      | Reached skill level 10 in Fighting
  8933 | D:9      | Reached XP level 11. HP: 98/99 MP: 10/10
  9296 | D:10     | Entered Level 10 of the Dungeon
  9336 | D:10     | Reached skill level 12 in Axes
  9404 | D:10     | Found a staircase to the Orcish Mines.
  9535 | D:10     | Reached skill level 10 in Dodging
  9576 | D:10     | Found a transporter.
  9577 | D:10     | Noticed Pokonic1's ghost (journeyman GrFi)
  9746 | D:10     | Gained mutation: You are frail. (-10% HP) [a neqoxec]
  9747 | D:10     | Gained mutation: Your body sometimes deteriorates upon
                  | taking damage. [a neqoxec]
  9763 | D:10     | Killed Pokonic1's ghost
  9766 | D:10     | Found a transporter.
  9953 | D:10     | Found a shadowy altar of Dithmenos.
  9953 | D:10     | Found a shimmering blue altar of Sif Muna.
  9966 | D:10     | Noticed a two-headed ogre
 10179 | D:10     | Killed a two-headed ogre
 10195 | D:10     | Reached skill level 13 in Axes
 11119 | D:11     | Noticed Erolcha
 11128 | Abyss:1  | Cast into level 1 of the Abyss (Erolcha)
 11134 | Abyss:1  | Noticed a sun demon
 11137 | Abyss:1  | Noticed a balrug
 11152 | Abyss:1  | Found a corrupted altar of Lugonu.
 11157 | Abyss:1  | Found a corrupted altar of Lugonu.
 11157 | Abyss:1  | Found a corrupted altar of Lugonu.
 11173 | Abyss:2  | Found a corrupted altar of Lugonu.
 11180 | Abyss:2  | Noticed a bone dragon
 11189 | Abyss:2  | Became a worshipper of Lugonu the Unformed
 11189 | Abyss:2  | Reached * piety under Lugonu
 11189 | Abyss:2  | Reached ** piety under Lugonu
 11190 | D:11     | Escaped the Abyss
 11192 | D:11     | You fall into a shaft and drop 2 floors!
 11392 | D:13     | Noticed a red ugly thing
 11402 | D:13     | Killed a red ugly thing
 11483 | D:13     | Noticed a two-headed ogre
 11490 | D:13     | Killed a two-headed ogre
 11531 | D:13     | Reached XP level 12. HP: 68/99 MP: 11/11
 11637 | D:12     | Noticed a boulder beetle
 11644 | D:12     | Noticed a two-headed ogre
 11646 | D:12     | Noticed Urug
 11657 | D:12     | HP: 4/99 [cyclops (7)]
 11672 | D:12     | Slain by a wraith

Illustrated notes

Levels and vault maps discovered:
D:1:      heliophobic_arrival_henge, layout_loops_ring,
          hellmonk_ecumenical_altar_inner_sanctum
D:2:      minmay_razor_zed, layout_basic
D:3:      layout_loops_ring, mainiacjoe_overflow_chevrons, uniq_robin,
          uniq_jessica
D:4:      layout_loops_ring, lemuel_tele_altar, mainiacjoe_overflow_boulevard,
          minmay_lizard_king, uniq_menkaure
D:5:      layout_rooms, serial_shops, kennysheep_mini_moat, shop,
          nicolae_stop_n_shop_1, shop
D:6:      layout_loops_ring, temple_statues, minmay_shop_damaged,
          chequers_serial_rivers_small_b
D:7:      layout_loops_ring
D:8:      layout_cave_pods, uniq_grum, uniq_maggie
D:9:      layout_basic, dpeg_lair_monsters
D:10:     layout_cave_pools, chequers_temple_overflow_statue_of_worship,
          zombieorc1_lemuel, gammafunk_ghost_stat_death
D:11:     layout_rooms, uniq_erolcha
D:12:     nooodl_glass_maze, layout_rooms, uniq_azrael, uniq_josephine,
          uniq_urug
D:13:     layout_irregular_city, nicolae_trove_entry_diagonal, uniq_snorg,
          uniq_rupert

Skill      XL: |  1  2  3  4  5  6  7  8  9 10 11 |
---------------+----------------------------------+-----
Axes           | 4 5 6 7 9 11 13 | 13.8
Fighting       | 3 4 5 6 7 9 10 11 | 11.4
Dodging        | 4 5 6 7 8 9 10 | 10.9
Throwing       | 3 4 5 6 7 8 9 |  9.7

Action                     |  1- 3 |  4- 6 |  7- 9 | 10-12 || total
---------------------------+-------+-------+-------+-------++-------
  Melee: War axe           |    58 |   100 |   208 |       ||   366
         Headbutt          |     5 |    10 |    39 |    69 ||   123
         Punch             |       |     3 |     1 |       ||     4
         Executioner's axe |       |       |    28 |   264 ||   292
  Throw: Throwing net      |       |     6 |     3 |     1 ||    10
         Javelin           |       |     2 |     1 |       ||     3
 Invoke: Depart the Abyss  |       |       |       |     1 ||     1
  Evoke: Wand              |       |       |     2 |       ||     2
    Use: Scroll            |       |     8 |    10 |     8 ||    26
         Potion            |       |     5 |     3 |     6 ||    14
   Stab: Sleeping          |       |     1 |       |       ||     1
         Invisible         |       |       |       |     1 ||     1
 Armour: Leather armour    |     8 |    20 |    89 |       ||   117
         Steam dragon scal |       |       |    28 |    80 ||   108
         Skin              |       |       |       |     3 ||     3
  Dodge: Dodged            |    47 |    76 |   201 |   247 ||   571
  Block: Other             |       |     7 |    74 |    72 ||   153
         Reflection        |       |     1 |       |     2 ||     3

Table legend: (Time is in decaauts)
 A = Elapsed time spent in this place.
 B = Non-inter-level travel time spent in this place.
 C = Inter-level travel time spent in this place.
 D = Time resting spent in this place.
 E = Time spent auto-exploring this place.
 F = Levels seen in this place.
 G = Mean time per level.
                   A        B        C        D        E       F      G
               +--------+--------+--------+--------+--------+-----+--------+
         Total |  11838 |  11498 |    340 |   2717 |   6923 |  15 |  789.2 |
       Dungeon |  11776 |  11436 |    340 |   2717 |   6918 |  13 |  905.8 |
         Abyss |     62 |     62 |      0 |      0 |      5 |   2 |   31.0 |
               +--------+--------+--------+--------+--------+-----+--------+

Top non-repeatable levels by time:
     D:7: 1608 daAuts
    D:10: 1560 daAuts
     D:4: 1406 daAuts
     D:9: 1151 daAuts
     D:5: 1142 daAuts
     D:8: 1080 daAuts
     D:3: 960 daAuts
     D:6: 840 daAuts
     D:1: 757 daAuts
     D:2: 460 daAuts
    D:13: 343 daAuts
    D:11: 323 daAuts
    D:12: 139 daAuts
 Abyss:1: 40 daAuts
 Abyss:2: 21 daAuts
